[Event "3rd Matrix Cup 2024"]
[Site "New Delhi"]
[Date "2024.04.08"]
[Round "6.7"]
[White "Lakshmi Charan Naidu G"]
[Black "Singh, Arvinder Preet"]
[Result "1/2-1/2"]
[ECO "A80"]
[WhiteElo "1753"]
[BlackElo "2064"]
[Annotator "RC"]
[PlyCount "176"]
[EventDate "2024.04.07"]
[EventType "swiss"]
[EventCountry "IND"]
[SourceTitle "playchess.com"]
[Source "ChessBase"]
[SourceQuality "1"]
[TimeControl "5400+30"]

1. d4 f5 2. Nc3 e6 3. e4 Bb4 4. exf5 exf5 5. Nf3 Nf6 6. Bg5 O-O 7. Be2 Bxc3+ 8. bxc3 h6 9. Bxf6 Qxf6 10. Bc4+ Kh8 11. O-O d6 12. Re1 Nc6 13. Rb1 Na5 14. Bd5 c6 15. Bb3 f4 16. Qe2 Bg4 17. Qe7 Bxf3 18. Qxf6 Rxf6 19. gxf3 d5 20. Re5 b5 21. Rbe1 Rf7 22. Re8+ Rxe8 23. Rxe8+ Kh7 24. a4 bxa4 25. Bxa4 Rc7 26. Re6 Kg8 27. h4 Kf7 28. Rd6 Ke7 29. Rg6 Kd8 30. Kg2 Kc8 31. Kh3 h5 32. Rg5 Nc4 33. Bb3 Nb6 34. Ba2 Re7 35. c4 dxc4 36. Rc5 Rd7 37. c3 Rd5 38. Rxc6+ Kb7 39. Rg6 Rd7 40. Rg5 Rc7 41. d5 Rd7 42. Rxh5 a5 43. d6 Ka6 44. Rc5 Rxd6 45. Bxc4+ Nxc4 46. Rxc4 Kb5 47. Rxf4 a4 48. Rf5+ Kc4 49. Ra5 Kb3 50. Ra7 Rg6 51. h5 Rg1 52. Kh4 a3 53. Rb7+ Kxc3 54. Ra7 Kb2 55. Rb7+ Kc3 56. Ra7 Kb2 57. Rb7+ Ka1 58. f4 a2 59. f5 Rb1 60. Ra7 Kb2 61. h6 Rh1+ 62. Kg5 gxh6+ 63. Kg6 a1=Q 64. Rxa1 Kxa1 65. f6 Rh4 66. Kf5 Ra4 67. f7 Ra8 68. Kg6 Ra6+ 69. Kf5 Ra8 70. Kg6 Rf8 71. Kg7 Rxf7+ 72. Kxf7 h5 73. f4 h4 74. f5 h3 75. f6 h2 76. Kg8 h1=Q 77. f7 Qg2+ 78. Kh7 Qh3+ 79. Kg7 Qg4+ 80. Kh7 Qh5+ 81. Kg8 Qg6+ 82. Kh8 Qf6+ 83. Kg8 Qe6 84. Kg7 Qe7 85. Kg8 Qg5+ 86. Kh7 Qf6 87. Kg8 Qg6+ 88. Kh8 Qxf7 1/2-1/2

[Event "3rd Matrix Cup 2024"]
[Site "New Delhi"]
[Date "2024.04.08"]
[Round "6.8"]
[White "Aarit Kapil"]
[Black "Daksh Goyal"]
[Result "1-0"]
[ECO "C42"]
[WhiteElo "1741"]
[BlackElo "1916"]
[Annotator "RC"]
[PlyCount "117"]
[EventDate "2024.04.07"]
[EventType "swiss"]
[EventCountry "IND"]
[SourceTitle "playchess.com"]
[Source "ChessBase"]
[SourceQuality "1"]
[TimeControl "5400+30"]

1. e4 e5 2. Nf3 Nf6 3. Nxe5 d6 4. Nf3 Nxe4 5. Nc3 Nxc3 6. dxc3 Be7 7. Bd3 c6 8. O-O O-O 9. h3 Nd7 10. Re1 Nf6 11. Bf4 Re8 12. Qd2 Bd7 13. Rad1 Qb6 14. c4 Qxb2 15. Rb1 Qa3 16. Rxb7 Qa6 17. Rbb1 c5 18. Qc3 Bc6 19. Re3 Nh5 20. Bg5 Bf6 21. Bxf6 Rxe3 22. fxe3 Nxf6 23. Rf1 Re8 24. Ng5 Re5 25. Rxf6 gxf6 26. Nxh7 Kg7 27. Qe1 Be4 28. Qh4 Bxh7 29. Qxh7+ Kf8 30. h4 Qa5 31. Qh6+ Ke7 32. e4 Qe1+ 33. Kh2 Qd1 34. g3 Qh5 35. Qd2 Qh8 36. Qa5 Qb8 37. Kg2 Qb6 38. Qa4 a5 39. Kh3 Kd8 40. Kg2 Kc7 41. Qb5 Qxb5 42. cxb5 f5 43. exf5 d5 44. g4 c4 45. Bf1 a4 46. f6 Kb6 47. g5 Kxb5 48. Kg3 Kc6 49. Kf4 Re4+ 50. Kg3 Kd7 51. h5 Re8 52. Kf4 Re4+ 53. Kg3 Re8 54. Kf4 Re1 55. Bh3+ Ke8 56. h6 Kd8 57. g6 fxg6 58. f7 Ke7 59. h7 1-0

[Event "3rd Matrix Cup 2024"]
[Site "New Delhi"]
[Date "2024.04.09"]
[Round "7.1"]
[White "Aronyak Ghosh"]
[Black "Neelash Saha"]
[Result "1/2-1/2"]
[ECO "C67"]
[WhiteElo "2517"]
[BlackElo "2464"]
[Annotator "TA"]
[PlyCount "29"]
[EventDate "2024.04.07"]
[EventType "swiss"]
[EventCountry "IND"]
[SourceTitle "playchess.com"]
[Source "ChessBase"]
[SourceQuality "1"]
[TimeControl "5400+30"]

1. e4 e5 2. Nf3 Nc6 3. Bb5 Nf6 4. O-O Nxe4 5. d4 Nd6 6. dxe5 Nxb5 7. a4 Nbd4 8. Nxd4 Nxd4 9. Qxd4 d5 10. exd6 Qxd6 11. Qe4+ Qe6 12. Qd4 Qd6 13. Qe4+ {[%emt 0:00:04] The position is equal.} Qe6 14. Qd4 Qd6 15. Qd1 {[%emt 0:00:39] A rather calm draw.   Weighted Error Value: White=0.00 (flawless) /Black=0.00 (flawless) .  OK:         	White=1     	Black=1} 1/2-1/2

[Event "3rd Matrix Cup 2024"]
[Site "New Delhi"]
[Date "2024.04.09"]
[Round "7.2"]
[White "Kumar, Gaurav"]
[Black "Ram Prakash, R."]
[Result "1-0"]
[ECO "A15"]
[WhiteElo "2083"]
[BlackElo "2191"]
[Annotator "RC"]
[PlyCount "59"]
[EventDate "2024.04.07"]
[EventType "swiss"]
[EventCountry "IND"]
[SourceTitle "playchess.com"]
[Source "ChessBase"]
[SourceQuality "1"]
[TimeControl "5400+30"]

1. Nf3 Nf6 2. c4 g6 3. b4 Bg7 4. Bb2 O-O 5. g3 c6 6. Bg2 d5 7. cxd5 Nxd5 8. Bxg7 Kxg7 9. a3 a5 10. bxa5 Rxa5 11. O-O Qb6 12. Qc2 Rc5 13. Qa4 e5 14. Nxe5 Ra5 15. Qh4 Qb3 16. Nd3 Re8 17. Qd4+ f6 18. e4 Nc7 19. Nc3 Rh5 20. Bf3 Rh6 21. e5 fxe5 22. Nxe5 Ne6 23. Qe3 Nf8 24. Qf4 Qg8 25. Ne4 Qe6 26. Ng4 Rh5 27. Ngf6 Rf5 28. Nxe8+ Qxe8 29. Qxb8 Nd7 30. Nd6 1-0

[Event "3rd Matrix Cup 2024"]
[Site "New Delhi"]
[Date "2024.04.09"]
[Round "7.3"]
[White "Kishan Kumar"]
[Black "Kolla Bhaavan"]
[Result "1-0"]
[ECO "D78"]
[WhiteElo "1933"]
[BlackElo "1825"]
[Annotator "RC"]
[PlyCount "101"]
[EventDate "2024.04.07"]
[EventType "swiss"]
[EventCountry "IND"]
[SourceTitle "playchess.com"]
[Source "ChessBase"]
[SourceQuality "1"]
[TimeControl "5400+30"]

1. Nf3 Nf6 2. g3 g6 3. Bg2 Bg7 4. c4 e6 5. O-O O-O 6. Nc3 d5 7. d4 c6 8. b3 b6 9. Ba3 Re8 10. Rc1 Nbd7 11. Re1 Bb7 12. e3 Ne4 13. cxd5 Nxc3 14. Rxc3 exd5 15. Rc2 a5 16. Rc1 Rc8 17. Re2 Bf8 18. Bxf8 Kxf8 19. Rec2 f5 20. h4 Qf6 21. Ng5 Qe7 22. Qf3 Kg7 23. Nh3 Nf6 24. Nf4 a4 25. bxa4 Ra8 26. Qd1 Rxa4 27. Nxd5 Nxd5 28. Bxd5 Rd8 29. Bxc6 Bxc6 30. Rxc6 Rxa2 31. Qb3 Rd2 32. Rc7 Rd7 33. Rxd7 Qxd7 34. Qxb6 Qd5 35. Qc7+ Kg8 36. Rb1 Qf7 37. Qc8+ Qf8 38. Qe6+ Qf7 39. Qe5 Qa7 40. Rb8+ Kf7 41. Qd5+ Kf6 42. Rf8+ Kg7 43. Rg8+ Kh6 44. Qd8 Qa1+ 45. Kg2 Rxf2+ 46. Kxf2 Qb2+ 47. Kf3 Qb7+ 48. d5 Qxd5+ 49. Qxd5 Kh5 50. Qf7 Kh6 51. Qg7+ 1-0

[Event "3rd Matrix Cup 2024"]
[Site "New Delhi"]
[Date "2024.04.09"]
[Round "7.4"]
[White "Vyom Malhotra"]
[Black "Negi, Virender Singh"]
[Result "1/2-1/2"]
[ECO "B23"]
[WhiteElo "1825"]
[BlackElo "1920"]
[Annotator "RC"]
[PlyCount "59"]
[EventDate "2024.04.07"]
[EventType "swiss"]
[EventCountry "IND"]
[SourceTitle "playchess.com"]
[Source "ChessBase"]
[SourceQuality "1"]
[TimeControl "5400+30"]

1. e4 c5 2. Nc3 Nc6 3. f4 g6 4. Nf3 Bg7 5. a4 d6 6. Bb5 Nf6 7. d3 O-O 8. Bxc6 bxc6 9. O-O Rb8 10. Qe1 Qc7 11. Qh4 Rb4 12. Ne2 c4 13. Ng3 cxd3 14. cxd3 Ba6 15. Ra3 Qb6+ 16. Kh1 Rb3 17. Be3 Qb7 18. f5 Rxa3 19. bxa3 Bxd3 20. Re1 c5 21. e5 Ne4 22. Nxe4 Bxe4 23. Ng5 Bxg2+ 24. Kg1 h6 25. fxg6 Bh1 26. Qh3 fxg6 27. Ne6 Rf3 28. Qg4 g5 29. Nxg7 Kxg7 30. exd6 1/2-1/2

[Event "3rd Matrix Cup 2024"]
[Site "New Delhi"]
[Date "2024.04.09"]
[Round "7.5"]
[White "Rupesh B Ramchandra"]
[Black "Mrityunjay Kumar"]
[Result "0-1"]
[ECO "D00"]
[WhiteElo "1819"]
[BlackElo "1900"]
[Annotator "RC"]
[PlyCount "68"]
[EventDate "2024.04.07"]
[EventType "swiss"]
[EventCountry "IND"]
[SourceTitle "playchess.com"]
[Source "ChessBase"]
[SourceQuality "1"]
[TimeControl "5400+30"]

1. d4 Nf6 2. Bf4 d5 3. Nc3 a6 4. e3 e6 5. Nf3 c5 6. Ne5 Nc6 7. Be2 cxd4 8. exd4 Qb6 9. Nxc6 bxc6 10. O-O Qa7 11. Na4 Be7 12. Qd2 a5 13. Be5 Ne4 14. Qf4 f6 15. Bh5+ Kd8 16. Rad1 fxe5 17. dxe5 Bd7 18. Bf3 Ng5 19. c4 Rf8 20. Qg4 Nxf3+ 21. gxf3 Rf7 22. cxd5 cxd5 23. Nc3 Rf5 24. h4 g6 25. Rfe1 Rb8 26. f4 Rxb2 27. Ne2 Bc5 28. Qf3 Bb5 29. Rc1 Bxe2 30. Rxe2 Rxe2 31. Qxe2 Rxf4 32. Qb5 Bxf2+ 33. Kg2 Rg4+ 34. Kh2 Bg1+ 0-1

[Event "3rd Matrix Cup 2024"]
[Site "New Delhi"]
[Date "2024.04.09"]
[Round "7.6"]
[White "Jyotshnav Talukdar"]
[Black "Om Batra"]
[Result "0-1"]
[ECO "A46"]
[WhiteElo "1877"]
[BlackElo "1804"]
[Annotator "NA RC"]
[PlyCount "106"]
[EventDate "2024.04.07"]
[EventType "swiss"]
[EventCountry "IND"]
[SourceTitle "playchess.com"]
[Source "ChessBase"]
[SourceQuality "1"]
[TimeControl "5400+30"]

1. d4 Nf6 2. Bf4 e6 3. Nf3 c5 4. e3 cxd4 5. exd4 b6 6. Nc3 {[%emt 0:00:14] A46: 1 d4 Nf6 2 Nf3 e6: Torre, London and Colle Systems.} Be7 7. Bd3 Ba6 8. O-O d6 9. Bxa6 Nxa6 10. Qe2 Nc7 11. h3 Qd7 12. a4 a6 13. Ne4 Nfd5 14. Bh2 b5 15. a5 O-O 16. c3 Rab8 17. Rfe1 h6 18. Qd3 Rfc8 19. g4 f5 20. gxf5 exf5 21. Ng3 Rf8 22. Nh5 f4 23. Qg6 Rf7 24. Kg2 Rbf8 25. Rg1 Qf5 26. Kh1 Qxh3 27. Nxg7 Qxf3+ 28. Rg2 Rf6 29. Qh5 Qxh5 30. Nxh5+ $19 Kh8 31. Nxf6 Bxf6 32. Re1 Re8 33. Rgg1 Rxe1 34. Rxe1 Kg7 35. Kg2 Bg5 36. Kf3 Kf6 37. Ke4 h5 38. Rc1 Ke6 39. b3 Nf6+ 40. Kd3 Ng4 41. Bg1 f3 42. Re1+ Kf5 43. c4 b4 44. c5 d5 45. Ra1 h4 46. Ra4 h3 47. Rxb4 Nxf2+ 48. Kc2 Ng4 49. Rb7 Bf4 50. Rb8 f2 51. Rf8+ Ke4 52. Bxf2 h2 53. Rh8 Bh6 0-1

[Event "3rd Matrix Cup 2024"]
[Site "New Delhi"]
[Date "2024.04.09"]
[Round "7.7"]
[White "Prithvi Sharma"]
[Black "Akshat Negi"]
[Result "1/2-1/2"]
[ECO "C84"]
[WhiteElo "1858"]
[BlackElo "1790"]
[Annotator "NA RC"]
[PlyCount "86"]
[EventDate "2024.04.07"]
[EventType "swiss"]
[EventCountry "IND"]
[SourceTitle "playchess.com"]
[Source "ChessBase"]
[SourceQuality "1"]
[TimeControl "5400+30"]

1. e4 e5 2. Nf3 Nc6 3. Bb5 Nf6 4. d3 d6 5. c3 Be7 6. h3 a6 7. Ba4 b5 8. Bc2 d5 9. O-O O-O 10. Nbd2 h6 11. Re1 dxe4 12. dxe4 Be6 13. Nf1 Qxd1 14. Rxd1 Rfd8 15. Be3 Nd7 16. N3d2 a5 17. a4 b4 18. Bb3 Bxb3 19. Nxb3 bxc3 20. bxc3 Nb6 21. Bxb6 cxb6 22. Ne3 Rxd1+ 23. Rxd1 Kf8 24. Nd5 Bd8 25. Kf1 Ne7 26. Nxe7 Kxe7 27. c4 Rc8 28. Rc1 Kd6 29. Ke2 Kc6 30. Rd1 Be7 31. Rd5 f6 32. Kd3 g6 33. c5 bxc5 34. Nxa5+ Kc7 35. Nb3 Kb6 36. Kc4 Ra8 37. a5+ Kc6 38. Nxc5 Rxa5 39. Nb3 Ra4+ 40. Kd3 Ra2 41. Ke3 Ra3 42. Rd3 f5 43. f4 exf4+ 1/2-1/2

[Event "3rd Matrix Cup 2024"]
[Site "New Delhi"]
[Date "2024.04.09"]
[Round "7.8"]
[White "Vandan Alankar Sawai"]
[Black "Shreyash Singh"]
[Result "0-1"]
[ECO "B15"]
[WhiteElo "1813"]
[BlackElo "1853"]
[Annotator "NA RC"]
[PlyCount "80"]
[EventDate "2024.04.07"]
[EventType "swiss"]
[EventCountry "IND"]
[SourceTitle "playchess.com"]
[Source "ChessBase"]
[SourceQuality "1"]
[TimeControl "5400+30"]

1. e4 c6 2. d4 d5 3. Nc3 dxe4 4. Nxe4 Nf6 5. Nxf6+ exf6 6. c3 Bd6 7. Bd3 O-O 8. Ne2 Re8 9. O-O Nd7 10. Ng3 Nf8 11. f4 Qc7 12. Qf3 c5 13. d5 c4 14. Bc2 Ng6 15. Ne4 Bd7 16. g3 $17 (16. Be3 $11) 16... Bc5+ 17. Kh1 f5 18. Nd2 Ne7 19. Nxc4 Nxd5 20. Ne5 Rxe5 21. fxe5 Bc6 22. Bxf5 Nxc3 23. bxc3 Qxe5 24. Bd3 Bxf3+ 25. Rxf3 Qe1+ 26. Kg2 Re8 27. Rb1 Re2+ 28. Kh3 Rxh2+ 29. Kxh2 Qg1+ 30. Kh3 Qh1+ 31. Kg4 h5+ 32. Kf4 g5+ 33. Ke4 f5+ 34. Kd5 Qxf3+ 35. Kc4 b6 36. Bxg5 Qg4+ 37. Bf4 h4 38. Kb5 hxg3 39. Bc4+ Kg7 40. Be5+ Kg6 0-1

[Event "3rd Matrix Cup 2024"]
[Site "New Delhi"]
[Date "2024.04.09"]
[Round "8.1"]
[White "Kumar, Gaurav"]
[Black "Aronyak Ghosh"]
[Result "0-1"]
[ECO "A30"]
[WhiteElo "2083"]
[BlackElo "2517"]
[Annotator "TA"]
[PlyCount "72"]
[EventDate "2024.04.07"]
[EventType "swiss"]
[EventCountry "IND"]
[SourceTitle "playchess.com"]
[Source "ChessBase"]
[SourceQuality "1"]
[TimeControl "5400+30"]

1. Nf3 Nf6 2. c4 b6 3. g3 c5 4. Bg2 Bb7 5. Nc3 g6 6. O-O Bg7 7. d3 O-O 8. e4 Nc6 9. h3 e6 10. e5 (10. Re1 $11) 10... Ne8 $15 11. Bg5 Qb8 {[%emt 0:09:05][%cal Oh7h6] Black is slightly better.} 12. Qd2 d6 ({Much weaker is} 12... Bxe5 13. Nxe5 Qxe5 14. Rae1 $11) 13. exd6 Nxd6 14. Bh6 Rd8 15. Bxg7 Kxg7 16. b3 Nf5 17. Ne4 Nfd4 18. Nxd4 Rxd4 19. Rad1 Qc7 20. h4 h6 21. h5 gxh5 $17 22. Nc3 {[%emt 0:07:06] [#]} (22. Qb2 $142) 22... Rg4 $1 23. Ne2 (23. Nb5 $17 Qe7 24. Qe2) 23... Nd4 24. Nxd4 Rxd4 ({Don't do} 24... cxd4 25. Bxb7 Qxb7 26. Rfe1 $17) 25. Bxb7 Qxb7 26. Qe2 (26. Rfe1 $17) 26... h4 $19 27. f4 Rg8 {[%emt 0:05:57] Strongly threatening ...Kh7.} 28. gxh4 $2 {[%emt 0:01:15] This costs White the game.} (28. Qg4+ $17 Kh7 29. Qxh4) 28... Kh7+ 29. Kh2 Qe7 30. Qh5 (30. Qe1 $142) 30... Qf6 31. Kh1 Rg3 32. Kh2 Rg6 33. Kh1 {[%emt 0:00:16] [#]} e5 $1 {[%emt 0:03:16][%mdl 512] ...Qc6+ is the strong threat.} 34. Rf2 Rxf4 35. Rxf4 exf4 36. Rf1 {[%emt 0:01:19] [#]} f3 $1 {[%emt 0:00:43][%mdl 512] Weighted Error Value: White=0.66/Black=0.10 (very precise) .  Loses game:     	White=1     	---        Mistake:       	White=6     	---        Inaccurate:     	---       	Black=2      OK:         	White=7     	Black=9      Best:        	White=2     	Black=3} 0-1

[Event "3rd Matrix Cup 2024"]
[Site "New Delhi"]
[Date "2024.04.09"]
[Round "8.2"]
[White "Neelash Saha"]
[Black "Kishan Kumar"]
[Result "1/2-1/2"]
[ECO "A14"]
[WhiteElo "2464"]
[BlackElo "1933"]
[Annotator "TA"]
[PlyCount "142"]
[EventDate "2024.04.07"]
[EventType "swiss"]
[EventCountry "IND"]
[SourceTitle "playchess.com"]
[Source "ChessBase"]
[SourceQuality "1"]
[TimeControl "5400+30"]

1. Nf3 d5 2. e3 Nf6 3. c4 e6 4. b3 Be7 5. Bb2 Nbd7 6. g3 O-O 7. Bg2 b6 8. O-O Bb7 9. Qe2 dxc4 10. bxc4 Nc5 11. d4 Nce4 12. Rd1 Qc8 (12... Ng4 $11) 13. Ne5 $14 c5 {[%emt 0:05:59] [#]} ({Black should try} 13... Rd8 $14) 14. d5 $1 $16 exd5 15. cxd5 Rd8 (15... Bxd5 $2 {loses.} 16. Rxd5 Nxd5 17. Bxe4 $18) 16. f3 Nd6 17. e4 Bf8 18. a4 {[%emt 0:01:54] White is more active.} Re8 19. Qc2 a6 20. Nc4 Nd7 (20... Nxc4 $14 21. Qxc4 Rb8) 21. Nba3 {[%emt 0:00:48] Bh3 is the strong threat.} Nxc4 22. Qxc4 Ne5 23. Bxe5 Rxe5 24. Qc3 Rh5 {[%emt 0:03:51][%cal Oc5c4] [#]} 25. Nc4 $1 Rh6 26. Rab1 Qd8 27. Qb3 Rb8 {[%emt 0:00:33] [#]} 28. Nxb6 (28. d6 $1 $18 Ba8 29. e5 (29. Nxb6 c4 $11)) 28... Bxd5 $1 $11 29. Qxd5 Rhxb6 (29... Rd6 $5 30. Qb3 Rxd1+ 31. Qxd1 Qxd1+ 32. Rxd1 Rxb6 $11) 30. Rxb6 (30. Qxd8 $14 Rxd8 31. Rxb6 Rxd1+ 32. Bf1) 30... Qxd5 (30... Qxb6 $11 31. Kh1 Qb2) 31. exd5 Rxb6 $18 {[%emt 0:00:01][%mdl 4096] Endgame. KRB-KRB} 32. a5 Rd6 33. f4 Be7 34. Rb1 g5 35. Rb7 Bd8 36. fxg5 Bxg5 37. Kf2 Bd8 38. Ke3 Bxa5 39. Ke4 Rb6 40. Rxb6 Bxb6 $11 {[%emt 0:00:01] KB-KB} 41. d6 Kf8 42. Kd5 c4 43. g4 c3 {[%emt 0:01:05] Hoping for ...c2.} 44. Be4 h6 45. Kc6 Ba5 46. Kb7 Bb4 47. Kc7 Ba5+ 48. Kc8 Ke8 49. h4 Kf8 50. Bc2 Bb6 51. h5 Kg7 52. Kb7 $1 (52. d7 $5 Kf6 $8 53. d8=R (53. d8=Q+ Bxd8 54. Kxd8 Kg5 $11) 53... Bxd8 54. Kxd8 $11) 52... Bd8 53. Kxa6 Kf8 54. Kb7 Ba5 55. Kc6 Ke8 56. Ba4 c2 57. Bxc2 $16 Kd8 58. g5 hxg5 59. Bf5 Ke8 60. Kb5 Bd8 61. Kc6 ({Better is} 61. Kc4 $16) 61... Kf8 (61... Ba5 $1 $11) 62. Kd7 (62. Bg4 $16) 62... Ba5 $11 {[%emt 0:00:33] The position is equal.} 63. Bg4 Kg7 64. Ke8 f6 65. d7 Kh6 66. d8=Q (66. Kf7 {looks sharper.} f5 67. Be2 g4 68. Kf6) 66... Bxd8 67. Kxd8 f5 68. Bxf5 Kxh5 69. Ke7 Kh4 70. Kf6 g4 71. Bxg4 Kxg4 {[%emt 0:00:02] Black defended with fortune.   Weighted Error Value: White=0.14 (very precise) /Black=0.15 (very precise) .  Mistake:       	White=4     	Black=6      Inaccurate:     	White=4     	Black=2      OK:         	White=15    	Black=29     Best:        	White=2     	Black=3      Strong:       	White=1     	Black=1      Brilliant:      	White=1     	---} 1/2-1/2

[Event "3rd Matrix Cup 2024"]
[Site "New Delhi"]
[Date "2024.04.09"]
[Round "8.3"]
[White "Mrityunjay Kumar"]
[Black "Ayaan Garg"]
[Result "1-0"]
[ECO "B11"]
[WhiteElo "1900"]
[BlackElo "1801"]
[Annotator "ChessBase"]
[PlyCount "230"]
[EventDate "2024.04.07"]
[EventType "swiss"]
[EventCountry "IND"]
[SourceTitle "playchess.com"]
[Source "ChessBase"]
[SourceQuality "1"]
[TimeControl "5400+30"]

1. e4 c6 2. Nc3 d5 3. Nf3 Bg4 4. h3 Bxf3 5. Qxf3 Nf6 6. Be2 e6 7. O-O Be7 8. d3 O-O 9. Qg3 Nbd7 10. Re1 Bb4 11. e5 Ne8 12. a3 Ba5 13. d4 Bb6 14. Bd3 g6 15. Ne2 c5 16. c3 Ng7 17. Bg5 Qc8 18. Rad1 Bd8 19. Bh6 Be7 20. f4 c4 21. Bc2 Qd8 22. Qf3 f5 23. g4 Rf7 24. Kh1 Bf8 25. Rg1 Kh8 26. Qg3 Qe8 27. Qf2 Nb6 28. Ng3 Be7 29. g5 Qb5 30. Bb1 Ne8 31. h4 Bf8 32. Rg2 Rc8 33. Rdg1 Rcc7 34. Rh2 Kg8 35. Kg2 Na4 36. Kf3 Bg7 37. h5 Kf8 38. Nf1 Ke7 39. Ne3 Kd8 40. Nd1 Kc8 41. Qe2 a6 42. Rgh1 Kb8 43. Ke3 Bh8 44. Qc2 Ka7 45. Kd2 Rc8 46. Kc1 Nc7 47. Ba2 Na8 48. Rh4 a5 49. R1h3 N4b6 50. Qh2 Qe8 51. Bb1 Nd7 52. Bc2 Nab6 53. Ne3 Nb8 54. Qh1 Nc6 55. Qd1 Ne7 56. Ng2 Rd8 57. a4 Rc8 58. Rh1 Qd8 59. R4h3 Qe8 60. Kd2 Qd7 61. Qa1 Qe8 62. Qa3 Qd7 63. Ne1 Qe8 64. Nf3 Qd7 65. Ke3 Qc6 66. Nd2 Qd7 67. Qa1 Qe8 68. Qd1 Qd8 69. Nb1 Na8 70. Na3 Nc7 71. Qa1 Kb8 72. b4 cxb3 73. Bxb3 Nc6 74. Bc2 Na7 75. Bd3 Na8 76. Rb1 Nb6 77. Nb5 Nxb5 78. Rxb5 Nc4+ 79. Bxc4 Rxc4 80. Rh1 Bg7 81. Bxg7 Rxg7 82. h6 Rgc7 83. Rb3 Qd7 84. Ra3 Ka7 85. Rb1 R7c6 86. Kd2 Qc7 87. Rab3 b6 88. Qa3 Kb7 89. Ra1 Qd8 90. Qb2 Qc7 91. Raa3 Ka7 92. Rb5 Ka6 93. Qa1 Rxa4 94. Rxb6+ Qxb6 95. Rxa4 Qb5 96. Rb4 Rc4 97. Rxb5 Kxb5 98. Qb2+ Ka6 99. Qb8 a4 100. Kc2 Ka5 101. Qa7+ Kb5 102. Qxh7 a3 103. Qb7+ Ka5 104. Qa7+ Kb5 105. Qxa3 Rc7 106. Qb4+ Ka6 107. Qd6+ Kb7 108. Qxc7+ Kxc7 109. h7 Kc6 110. h8=Q Kd7 111. Kb3 Kc6 112. Kb4 Kd7 113. Kc5 Ke7 114. Qg7+ Ke8 115. Kd6 Kd8 1-0

[Event "3rd Matrix Cup 2024"]
[Site "New Delhi"]
[Date "2024.04.09"]
[Round "8.4"]
[White "Shreyash Singh"]
[Black "Pushpendra"]
[Result "1-0"]
[ECO "B07"]
[WhiteElo "1853"]
[BlackElo "1771"]
[Annotator "NA RC"]
[PlyCount "81"]
[EventDate "2024.04.07"]
[EventType "swiss"]
[EventCountry "IND"]
[SourceTitle "playchess.com"]
[Source "ChessBase"]
[SourceQuality "1"]
[TimeControl "5400+30"]

1. e4 g6 2. d4 Bg7 3. Nc3 d6 4. Be3 Nf6 5. f3 Nc6 6. Qd2 h5 {[%emt 0:02:29] B07: Pirc Defence: Miscellaneous Systems.} 7. h4 e5 8. d5 Ne7 9. Nh3 Bxh3 10. Rxh3 c5 11. Bb5+ Kf8 12. Be2 a6 13. a4 b6 14. Rh1 Qd7 15. Kf2 Kg8 16. Rhb1 Qc7 17. Bc4 Kh7 18. Qe2 a5 19. Rg1 Kg8 20. Raf1 Ne8 21. Ke1 f5 22. f4 $16 (22. g4 $18 f4 23. Bf2) 22... exf4 23. Bxf4 Bxc3+ 24. bxc3 Kh7 25. Kd2 Nf6 26. exf5 Nxf5 27. Qe6 Rhf8 28. Bb5 Ng7 29. Qe2 Nxd5 30. Bg5 Nf5 31. g4 hxg4 32. Qxg4 Qg7 33. Rf3 Nf6 34. Bxf6 Rxf6 35. h5 Qh6+ 36. Kd1 gxh5 37. Qe4 d5 38. Qe5 Qf8 39. Rxf5 Rxf5 40. Bd3 Kh6 41. Bxf5 1-0

[Event "3rd Matrix Cup 2024"]
[Site "New Delhi"]
[Date "2024.04.09"]
[Round "8.5"]
[White "Lakshmi Charan Naidu G"]
[Black "Mehul Sondhi"]
[Result "*"]
[ECO "D02"]
[WhiteElo "1753"]
[BlackElo "1833"]
[Annotator "NA RC"]
[PlyCount "46"]
[EventDate "2024.04.07"]
[EventType "swiss"]
[EventCountry "IND"]
[SourceTitle "playchess.com"]
[Source "ChessBase"]
[SourceQuality "1"]
[TimeControl "5400+30"]

1. d4 d5 2. Nf3 Nf6 3. Bf4 c5 4. e3 Nc6 5. Nbd2 Qb6 6. dxc5 Qxb2 7. Rb1 Qc3 8. Bb5 g6 9. O-O Bg7 10. Ne5 Bd7 11. Nxd7 Nxd7 12. Nf3 Qxc5 13. c4 dxc4 14. e4 $17 (14. Nd2 $142) 14... Nf6 15. Be3 Qh5 16. Bxc4 O-O 17. Rxb7 Rad8 18. Qa4 Ne5 19. Be2 Nfg4 20. Bf4 Nd3 21. Bxd3 Rxd3 22. h3 Rxf3 23. gxf3 Ne5 *

[Event "3rd Matrix Cup 2024"]
[Site "New Delhi"]
[Date "2024.04.09"]
[Round "8.6"]
[White "Nirnay Garg"]
[Black "Saparya Ghosh"]
[Result "1/2-1/2"]
[ECO "D02"]
[WhiteElo "1828"]
[BlackElo "1759"]
[Annotator "NA RC"]
[PlyCount "97"]
[EventDate "2024.04.07"]
[EventType "swiss"]
[EventCountry "IND"]
[SourceTitle "playchess.com"]
[Source "ChessBase"]
[SourceQuality "1"]
[TimeControl "5400+30"]

1. d4 Nf6 2. Bf4 d5 3. e3 c5 4. c3 Nc6 5. Nd2 e6 6. Ngf3 cxd4 {[%emt 0:00:10] now scores much better than the old 6...Bd6.} 7. exd4 {[%emt 0:00:06] D02: 1 d4 d5 2 Nf3 sidelines, including 2...Nf6 3 g3 and 2...Nf6 3 Bf4.} Nh5 8. Be3 Bd6 9. Ne5 g6 10. Bb5 Qc7 11. O-O O-O 12. f4 f6 13. Nd3 Ng7 14. Ba4 $146 ({Predecessor:} 14. Nf3 Na5 15. Qe2 Nc4 16. Ba4 Bd7 17. Bxd7 Qxd7 18. Rae1 b6 19. Nd2 Na5 20. g4 Bc7 21. Bf2 Rae8 22. Bg3 Nb7 23. Qg2 Kh8 24. h3 Nd6 25. Re3 Qa4 {½-½ Lomasov,S (2493)-Alekseev,E (2610) EU-ch 18th Minsk 2017 (6)}) 14... Bd7 15. Rc1 Nf5 16. Qe2 Rae8 17. Nf3 Na5 18. Bxd7 Qxd7 19. Rce1 Nc4 20. Bc1 Qc7 $14 21. Qf2 a5 22. Re2 a4 23. Rfe1 Ng7 24. Kh1 b6 25. g4 e5 26. dxe5 fxe5 27. fxe5 Nxe5 28. Ndxe5 Rxe5 29. Rxe5 Bxe5 30. Qg2 Bf4 31. Nd4 Qd7 32. Bxf4 Rxf4 33. h3 Qf7 34. Kg1 h5 35. gxh5 Nxh5 36. Re5 Ng7 37. Rxd5 Rf1+ 38. Qxf1 Qxd5 39. Qf6 Qxa2 40. Qxb6 Qb1+ 41. Kh2 Kh7 42. Qb5 Qd1 43. Qe2 Qc1 44. Qc2 Qf4+ 45. Kg2 Nh5 46. Qf2 Qg5+ 47. Kh2 Qe5+ 48. Kg1 Qg5+ 49. Kh2 1/2-1/2

[Event "3rd Matrix Cup 2024"]
[Site "New Delhi"]
[Date "2024.04.09"]
[Round "8.7"]
[White "Om Batra"]
[Black "Arshpreet Singh"]
[Result "1/2-1/2"]
[ECO "B11"]
[WhiteElo "1804"]
[BlackElo "1902"]
[Annotator "RC"]
[PlyCount "87"]
[EventDate "2024.04.07"]
[EventType "swiss"]
[EventCountry "IND"]
[SourceTitle "playchess.com"]
[Source "ChessBase"]
[SourceQuality "1"]
[TimeControl "5400+30"]

1. e4 c6 2. Nf3 d5 3. Nc3 dxe4 4. Nxe4 Bg4 5. h3 Bxf3 6. Qxf3 Nd7 7. d4 e6 8. Bf4 Ndf6 9. c3 Nxe4 10. Qxe4 Nf6 11. Qc2 Bd6 12. Bxd6 Qxd6 13. Be2 O-O 14. O-O e5 15. dxe5 Qxe5 16. Bf3 Rfe8 17. Rad1 Re7 18. Qa4 h6 19. Rd2 Qc5 20. Qd4 Qa5 21. Qc4 Rae8 22. Qb3 Nd7 23. a3 Ne5 24. Be4 Qa6 25. Qc2 Nd7 26. Bd3 Qb6 27. Re2 Ne5 28. Re3 Qc5 29. Rfe1 Nxd3 30. Qxd3 Rxe3 31. Rxe3 Rxe3 32. Qxe3 Qxe3 33. fxe3 f5 34. Kf2 Kf7 35. e4 Kf6 36. exf5 Kxf5 37. Ke3 Ke5 38. c4 b5 39. cxb5 cxb5 40. h4 h5 41. g3 Kd5 42. Kd3 a5 43. b3 Ke5 44. Ke3 1/2-1/2